 Dungeon Crawl Stone Soup version 0.31-a0-743-g45f7035092 (webtiles) character file.

Game seed: 17995896950474946170

9 dialectric the Trooper (level 2, -1/36 HPs)
             Began as a Demonspawn Berserker on Sept 13, 2023.
             Was a Follower of Trog.
             Slain by a kobold
             ... wielding a +0 dagger of venom
              (2 damage)
             ... on level 2 of the Dungeon.
             The game lasted 00:00:35 (749 turns).

dialectric the Trooper (Demonspawn Berserker)        Turns: 749, Time: 00:00:35

Health: -1/36      AC:  2    Str: 17    XL:     2   Next: 6%
Magic:  2/2        EV: 12    Int:  8    God:    Trog [*.....]
Gold:   24         SH:  0    Dex: 12    Spells: 1/1 levels left

rFire   . . .        a - +0 mace
rCold   . . .        (no shield)
rNeg    . . .        b - +0 animal skin
rPois   .            (no helmet)
rElec   .            (no cloak)
rCorr   .            (no gloves)
SInv    .            (no boots)
Will    .....        (no amulet) Stlth
                     (no ring)
HPRegen 0.26/turn    (no ring)
MPRegen 0.08/turn

%: no passive effects
@: berserking, lethally poisoned (-1 -> -17), very quick
A: claws 1
a: Renounce Religion, Berserk


You were on level 2 of the Dungeon.
You worshipped Trog.
Trog was aware of your devotion.
You visited 1 branch of the dungeon, and saw 2 of its levels.

You collected 24 gold pieces.

Inventory:

Hand Weapons
 a - a +0 mace (weapon)
Missiles
 c - 5 javelins (quivered)
Armour
 b - a +0 animal skin (worn)
Scrolls
 e - 2 scrolls of teleportation {unknown}
Potions
 d - a potion of mutation {unknown}


   Skills:
 + Level 3.2 Fighting
 + Level 2.9 Maces & Flails
 + Level 1.9 Armour
 + Level 1.9 Dodging


You had one spell level left.
You didn't know any spells.
Your spell library was empty.

Dungeon Overview and Level Annotations

Branches:
Dungeon (2/15)

Altars:


Innate Abilities, Weirdness & Mutations

You have sharp fingernails.


Message History

You climb downwards.
There is a stone staircase leading up here.
Sorry, I don't know how to get there.
Unknown command.
No target in view!
Found an escape hatch in the floor.
A kobold comes into view. It is wielding a +0 dagger of venom.
The kobold shouts!
A hobgoblin comes into view.
There are monsters nearby!
The kobold hits you with a +0 dagger of venom.
You are poisoned.
You barely miss the kobold.
You feel very sick.
The kobold hits you with a +0 dagger of venom.
You are more poisoned.
You hit the hobgoblin but do no damage.
You feel very sick. The hobgoblin hits you.
The kobold hits you with a +0 dagger of venom.
* * * LOW HITPOINT WARNING * * *
You are more poisoned.
You are too injured to fight recklessly!
You are too injured to fight recklessly!
You are too injured to fight recklessly!
You are too injured to fight recklessly!
You are too injured to fight recklessly!
You are too injured to fight recklessly!
You are too injured to fight recklessly!
Unknown command.
A red film seems to cover your vision as you go berserk!
You feel yourself moving faster!
You feel mighty!
* * * LOW HITPOINT WARNING * * *
You feel very sick. The kobold barely misses you.
The hobgoblin barely misses you.
You closely miss the hobgoblin.
* * * LOW HITPOINT WARNING * * *
You feel very sick.
The kobold hits you with a +0 dagger of venom.
You die...

#.....# #.....#
#.....# #.....#
####.....#
...=....#
#gK.>..#
#.@....#
..####..#####.#
#.............
...###..#####.#
. +........#
#.#..###.#
#.#....#
###....#
#<.....#


You could see a hobgoblin and a kobold.

Vanquished Creatures
  A bat (D:1)
  4 endoplasms (D:1)
  A quokka (D:1)
  A ball python (D:1)
  A rat (D:1)
8 creatures vanquished.

Notes
Turn   | Place    | Note
-------+----------+-------------------------------------------
     0 | D:1      | dialectric the Demonspawn Berserker began the quest for the
                  | Orb.
     0 | D:1      | Reached XP level 1. HP: 18/18 MP: 1/1
    90 | D:1      | Found a faded altar of an unknown god.
   370 | D:1      | Gained mutation: You have sharp fingernails. [demonic
                  | ancestry]
   370 | D:1      | Reached XP level 2. HP: 23/24 MP: 2/2
   749 | D:2      | HP: 1/36 [poisoned by a kobold]
   749 | D:2      | Slain by a kobold

Illustrated notes

Levels and vault maps discovered:
D:1:      matt_arrival_grand_opening, layout_loops_ring,
          hellmonk_ecumenical_altar_crossroads,
          nicolae_concentric_dashed_squares_wild
D:2:      layout_basic

Action                     || total
---------------------------++-------
  Melee: Mace              ||    26
  Throw: Javelin           ||     2
 Invoke: Berserk           ||     1
 Armour: Animal skin       ||    16
  Dodge: Dodged            ||    15

Table legend: (Time is in decaauts)
 A = Elapsed time spent in this place.
 B = Non-inter-level travel time spent in this place.
 C = Inter-level travel time spent in this place.
 D = Time resting spent in this place.
 E = Time spent auto-exploring this place.
 F = Levels seen in this place.
 G = Mean time per level.
                   A        B        C        D        E       F      G
               +--------+--------+--------+--------+--------+-----+--------+
         Total |    756 |    729 |     27 |      0 |    634 |   2 |  378.0 |
       Dungeon |    756 |    729 |     27 |      0 |    634 |   2 |  378.0 |
               +--------+--------+--------+--------+--------+-----+--------+

Top non-repeatable levels by time:
     D:1: 741 daAuts
     D:2: 14 daAuts
